Map: [ESL] Royal Blood

Players

Wayne

  • Race: Zerg Zerg
  • Spawn Location: 1:00

Clem - Winner!

  • Race: Terran Terran
  • Spawn Location: 7:00

Event: ESL SC2 Masters 2023 Summer (Regionals)

VOD

Have the link to the VOD?

Description

Time

  • Played on: May 17, 2023, 12:50 p.m.
  • Length: 9:48

All games in this series

Show
View Real Time Build Order
Export as new Build Order

Wayne Zerg 

Build Orders: Hatch First 

Get SALT Encoding   

  12  0:00  Drone  
  13  0:12  Overlord  
  13  0:16  Drone  
  14  0:32  Drone x2  
  16  0:48  Hatchery  
  15  0:52  Drone  
  15  0:55  Drone  
  17  0:58  Drone  
  18  1:09  Extractor  
  17  1:14  Spawning Pool  
  17  1:17  Drone  
  17  1:19  Drone  
  18  1:28  Drone  
  19  1:38  Drone  
  20  1:49  Drone  
  21  2:00  Queen x2  
  26  2:01  Zergling x4  
  27  2:12  Overlord  
  27  2:13  Drone  
  28  2:23  Hatchery  
  28  2:25  Drone  
  27  2:31  Drone  
  27  2:32  Drone  
  27  2:33  Drone  
  30  2:39  Queen  
  32  2:45  Overlord  
  32  2:49  Metabolic Boost  
  32  2:52  Drone  
  32  2:53  Drone  
  32  2:56  Drone  
  35  3:04  Queen  
  37  3:08  Drone x3  
  37  3:12  Drone  
  41  3:15  Overlord  
  41  3:19  Drone  
  42  3:21  Queen  
  45  3:34  Zergling x4  
  45  3:35  Queen, Drone x2  
  50  3:42  Drone  
  50  3:43  Drone x3  
  54  3:49  Overlord  
  54  3:52  Drone  
  55  3:57  Overlord  
  55  3:58  Queen  
  57  4:06  Overlord, Drone  
  57  4:09  Zergling x4  
  60  4:12  Drone  
  60  4:14  Overlord  
  60  4:15  Lair  
  60  4:16  Drone  
  60  4:17  Drone x2  
  64  4:28  Drone x4  
  64  4:29  Baneling Nest  
  67  4:33  Extractor  
  67  4:35  Extractor  
  67  4:37  Drone x5  
  70  4:41  Spore Crawler  
  70  4:42  Spore Crawler  
  70  4:43  Spore Crawler  
  67  4:46  Zergling x4  
  67  4:49  Drone x4  
  73  4:53  Drone x3  
  73  4:57  Drone x3  
  79  5:06  Drone  
  80  5:10  Hatchery  
  79  5:14  Overseer  
  79  5:16  Drone  
  79  5:17  Evolution Chamber  
  79  5:18  Evolution Chamber  
  79  5:19  Drone  
  79  5:20  Drone  
  80  5:23  Extractor, Centrifugal Hooks  
  80  5:25  Drone x2  
  80  5:27  Drone  
  82  5:38  Drone x3  
  82  5:39  Hatchery  
  82  5:40  Zergling x8  
  88  5:48  Overlord  
  85  5:51  Zergling x8  
  89  5:58  Overlord  
  89  5:59  Zerg Ground Armor Level 1, Zerg Melee Weapons Level 1  
  89  6:03  Overlord x2  
  89  6:07  Drone x6  
  95  6:15  Baneling x4, Spore Crawler  
  94  6:19  Zergling x10  
  94  6:22  Zergling x2  
  94  6:23  Zergling x2  
  100  6:27  Zergling x2  
  100  6:31  Zergling x2  
  100  6:32  Zergling x6  
  105  6:37  Zergling x6  
  106  6:42  Hatchery, Baneling  
  106  6:43  Baneling x7  
  106  6:44  Zergling x10  
  110  6:49  Zergling x2  
  110  6:53  Zergling x4  
  112  6:55  Overlord  
  112  6:59  Drone  
  112  7:00  Drone x7  
  120  7:03  Zergling x2  
  120  7:07  Infestation Pit  
  120  7:08  Baneling x4  
  120  7:10  Zergling x12  
  122  7:16  Overlord, Evolution Chamber  
  122  7:17  Overlord  
  122  7:19  Overlord  
  122  7:22  Overlord  
  120  7:24  Zergling x8  
  120  7:27  Zergling x16  
  120  7:34  Zergling x6  
  120  7:37  Drone x2  
  123  7:39  Zergling x2  
  123  7:40  Zergling x10  
  128  7:46  Zergling x2, Hive  
  128  7:47  Zergling x6  
  132  7:52  Overlord  
  132  7:53  Zergling x4  
  132  7:54  Zergling x10  
  132  7:57  Overlord  
  137  8:01  Overlord  
  137  8:02  Zergling x4  
  139  8:07  Overlord  
  139  8:11  Overlord  
  134  8:13  Zergling x6  
  134  8:14  Zergling x8  
  134  8:19  Baneling x3  
  139  8:21  Drone x8  
  139  8:24  Drone x2  
  147  8:30  Zergling x18  
  153  8:34  Zergling x10  
  157  8:44  Zergling x16  
  157  8:46  Baneling  
  157  8:47  Baneling x8  
  162  8:54  Zergling x14  
  168  8:58  Hatchery  
  168  9:00  Viper x2  
  168  9:02  Zergling x6  
  176  9:06  Zergling x12  
  179  9:11  Zergling x8  
  179  9:14  Zergling x4  
  179  9:15  Zergling x6  
  182  9:18  Zergling x8  
  182  9:22  Zergling x10  
  173  9:31  Zergling x12  
Show
View Real Time Build Order
Export as new Build Order

Clem Terran - Winner!

Build Orders: Reaper Expand, Hellion Banshee 

Get SALT Encoding   

  12  0:00  SCV  
  13  0:12  SCV  
  14  0:16  Supply Depot  
  14  0:24  SCV  
  15  0:38  SCV  
  15  0:39  Barracks  
  16  0:43  Refinery  
  16  0:50  SCV  
  17  1:02  SCV  
  18  1:14  SCV  
  19  1:25  Reaper  
  19  1:26  Orbital Command  
  20  1:39  Command Center  
  20  1:49  Supply Depot  
  20  1:52  SCV  
  21  1:57  Marine  
  22  2:04  SCV  
  23  2:13  Factory  
  23  2:16  SCV  
  23  2:20  Barracks Reactor  
  24  2:28  SCV  
  25  2:38  Command Center  
  25  2:40  SCV  
  26  2:52  Orbital Command  
  26  2:53  SCV  
  27  3:00  Starport  
  27  3:03  Refinery  
  27  3:06  SCV  
  27  3:09  Hellion  
  30  3:14  Hellion  
  30  3:17  SCV  
  30  3:19  SCV  
  34  3:23  Barracks Tech Lab  
  34  3:29  SCV  
  34  3:30  Hellion  
  34  3:33  SCV  
  38  3:35  Hellion  
  40  3:41  SCV  
  40  3:44  Banshee  
  40  3:47  SCV  
  45  3:50  Orbital Command  
  45  3:52  Hellion  
  45  3:53  SCV  
  48  3:56  Hellion  
  48  3:58  Cloaking Field  
  48  4:00  SCV  
  51  4:05  Supply Depot  
  51  4:07  Barracks Tech Lab  
  51  4:08  SCV  
  52  4:12  SCV  
  52  4:15  SCV  
  54  4:20  SCV  
  54  4:23  Barracks  
  55  4:25  SCV  
  55  4:27  Barracks, Factory Reactor  
  55  4:28  Supply Depot  
  56  4:32  Banshee  
  56  4:33  SCV  
  56  4:34  SCV  
  56  4:35  Marine  
  56  4:37  SCV  
  63  4:45  SCV  
  63  4:46  Orbital Command  
  63  4:48  Stimpack  
  63  4:49  Refinery  
  63  4:50  SCV, Refinery  
  63  4:51  Supply Depot  
  65  4:53  Marine  
  65  4:57  Engineering Bay, SCV  
  67  5:00  Engineering Bay  
  67  5:02  SCV  
  68  5:10  Barracks, SCV  
  68  5:11  Marine  
  68  5:12  Barracks  
  68  5:13  Supply Depot  
  70  5:14  SCV  
  71  5:22  Marine x2  
  71  5:23  Marine  
  71  5:24  SCV x2  
  71  5:25  Starport Reactor  
  71  5:26  Marine  
  77  5:29  Marine, SCV  
  77  5:31  Terran Infantry Weapons Level 1  
  77  5:34  Terran Infantry Armor Level 1  
  79  5:36  SCV x2  
  79  5:40  Marine x2, Siege Tank  
  86  5:43  SCV  
  86  5:46  Supply Depot  
  86  5:48  SCV  
  86  5:49  Marine, SCV  
  88  5:52  Marine  
  88  5:55  Marine, SCV  
  89  5:58  Marine  
  89  6:00  SCV, Barracks Reactor x2  
  89  6:01  SCV  
  92  6:07  Marine x2, Medivac x2, SCV  
  92  6:09  Marine, Supply Depot  
  100  6:12  SCV  
  100  6:14  Supply Depot  
  100  6:17  Refinery  
  101  6:19  Supply Depot  
  101  6:25  Marine x2, Siege Tank, SCV x2  
  108  6:30  SCV, Factory  
  108  6:32  Marine x2, Supply Depot  
  109  6:33  Marine  
  109  6:37  SCV  
  109  6:39  Supply Depot  
  113  6:41  Marine  
  113  6:42  Marine  
  113  6:43  SCV  
  113  6:46  Marine x4  
  120  6:47  Command Center  
  120  6:50  Marine x2  
  122  6:54  Medivac  
  122  6:55  Armory  
  122  6:56  Medivac  
  122  7:00  Marine  
  122  7:01  Supply Depot  
  127  7:02  Marine, Combat Shield  
  127  7:07  Supply Depot  
  128  7:08  Marine, Refinery  
  128  7:10  Widow Mine  
  128  7:15  Marine x3  
  131  7:21  Marine x2  
  133  7:23  Marine  
  133  7:24  Medivac  
  133  7:25  Supply Depot  
  133  7:27  Marine  
  133  7:28  Marine x2  
  134  7:30  Medivac  
  134  7:31  Factory Reactor  
  134  7:32  SCV  
  134  7:34  SCV x2  
  135  7:37  Supply Depot  
  135  7:38  Supply Depot  
  135  7:39  Marine  
  135  7:41  Marine x2  
  137  7:44  Drilling Claws, SCV  
  137  7:46  Widow Mine, SCV x2  
  137  7:50  Marine x3  
  145  7:51  Marine  
  145  7:54  Medivac  
  145  7:58  Marine  
  146  7:59  Marine x3  
  146  8:00  Supply Depot  
  149  8:06  Sensor Tower  
  149  8:07  Widow Mine, Marine  
  149  8:12  Widow Mine  
  154  8:13  Marine x2, Medivac  
  154  8:17  Marine x2  
  154  8:19  SCV x3  
  163  8:22  Widow Mine, Marine  
  163  8:24  Medivac  
  168  8:28  Marine  
  168  8:30  Marine  
  168  8:32  Widow Mine  
  171  8:35  Widow Mine  
  171  8:37  Marine x2  
  171  8:39  SCV x2  
  171  8:40  Marine x2  
  171  8:41  Marine  
  180  8:42  Sensor Tower  
  180  8:43  Widow Mine  
  180  8:45  Medivac  
  180  8:46  Marine  
  185  8:50  Marine x2  
  185  8:51  SCV  
  185  8:52  Marine, Planetary Fortress  
  185  8:54  Widow Mine  
  185  8:55  Marine x2  
  190  9:00  Barracks  
  190  9:02  Barracks, Marine, Widow Mine  
  195  9:04  Barracks  
  195  9:08  Widow Mine  
  195  9:09  Medivac  
  197  9:15  Widow Mine  
  199  9:21  Command Center  
  199  9:23  Marine  
  200  9:28  Marine  
  187  9:43  Refinery x2  
Tags
 
Add a new tag
Caveats
  • Supply blocks, unpowered buildings, or Contaminate may cause inaccurate times.
  • Supply counts are checked every 10 seconds.